 Dungeon Sprint DCSS version 0.20.1-1-g8b1a95d (webtiles) character file.

14760 JustSomeDude the Imperceptible (level 12, -7/90 HPs)
             Began as a Vine Stalker Assassin on Aug 27, 2017.
             Was the Champion of Dithmenos.
             Killed from afar by a golden dragon (28 damage)
             ... with a bolt of cold
             ... in the Dungeon (Sprint I: "Red Sonja") on Aug 28, 2017.
             The game lasted 00:29:50 (4107 turns).

JustSomeDude the Imperceptible (VSAs)               Turns: 4107, Time: 00:29:50

Health: -7/90      AC: 26    Str: 11 (14) XL:     12   Next: 19%
Magic:  0/14       EV:  2    Int: 17 (18) God:    Dithmenos [******]
Gold:   1993       SH:  0    Dex: 22 (24) Spells: 11/11 levels left

rFire    . . .     SeeInvis .   g - +3 short sword (distort)
rCold    . . .     Gourm    .   (no shield)
rNeg     + + +     Faith    .   (armour currently unavailable)
rPois    +         Spirit   +   (helmet currently unavailable)
rElec    .         Reflect  .   (cloak currently unavailable)
rCorr    .         Harm     .   (gloves currently unavailable)
MR       +....     NoTele   +   (boots currently unavailable)
Stlth    ++++++++++             c - amulet of Qyeh {RegenMP *Drain Int+7 Dex+3}
Regen    1.1/turn               t - ring of stealth
MPRegen  0.3/turn               (no ring)

@: tree-form, berserk cooldown, very slightly contaminated, hasted and slowed,
wreathed by umbra, drained
A: frail 1, regeneration 2, magic shield, no potion heal 3, rot immunity
a: Shadow Step, Shadow Form, Renounce Religion


You were in the Dungeon.
You worshipped Dithmenos.
Dithmenos was exalted by your worship.
You were not hungry.
You were a tree.
You visited 1 branch You collected 3975 gold pieces.
You spent 1982 gold pieces at shops.

Inventory:

Hand Weapons
 a - a +2 dagger
 g - a +3 short sword of distortion (weapon)
 q - a +0 blowgun
 u - a +1 short sword of venom
Missiles
 e - 21 poisoned needles
 f - 7 curare-tipped needles
Armour
 d - a +1 pair of gloves of archery (melded)
 m - the +0 ring mail "Kyuhabu" (melded) {Str+3 Dex+3}
   (You bought it in a shop in the Dungeon)

   It affects your strength (+3).
   It affects your dexterity (+3).
 s - the +0 cloak of Indemnity (melded) {-Tele rElec rC++ rCorr}
   (You bought it in a shop in the Dungeon)

   It greatly protects you from cold.
   It insulates you from electricity.
   It prevents most forms of teleportation.
   It protects you from acid and corrosion.
Jewellery
 c - the amulet of Qyeh (around neck) {RegenMP *Drain Int+7 Dex+3}
   (You bought it in a shop in the Dungeon)

   [amulet of magic regeneration]

   It increases your magic regeneration.
   It affects your intelligence (+7).
   It affects your dexterity (+3).
   It causes draining when unequipped.
 t - a ring of stealth (left branch)
Wands
 b - a wand of digging (11/24)
 n - a wand of paralysis (21/24)
Scrolls
 o - a scroll of magic mapping
 x - 2 scrolls of fear
Potions
 h - 4 potions of curing
 i - a potion of heal wounds
 k - 2 potions of magic


   Skills:
 + Level 9.8(9.2) Fighting
 + Level 11.4(10.7) Short Blades
 + Level 3.9(3.3) Throwing
 + Level 6.3(5.7) Armour
 + Level 5.0(4.3) Dodging
 + Level 26.8(25.8) Stealth
 + Level 1.7(1.2) Evocations


You had 11 spell levels left.
You didn't know any spells.

Dungeon Overview and Level Annotations

Branches:
Dungeon (1/1)

Altars:
Cheibriados
Dithmenos
Elyvilon
Fedhas
Gozag
Hepliaklqana
Kikubaaqudgha
Makhleb
Nemelex Xobeh
Okawaru
Qazlal
Ru
Sif Muna
Trog
Uskayaw
Vehumet
Xom
Yredelemnul
Zin
The Shining One
Jiyva
Lugonu

Shops:
D }(=*[}}*:%%%:**?}}[[?*


Innate Abilities, Weirdness & Mutations

((You have razor-sharp teeth.))
You heal very quickly.
When hurt, damage is shared between your health and your magic reserves.
((Your bite disrupts and absorbs the magic of your enemies.))
Potions cannot restore your health.
You are immune to rotting.
((You can translocate small distances at will.))
You are frail. (-10% HP)


Message History

The golden dragon tramples you but does no damage.
It was a potion of degeneration.
There was something very wrong with that liquid.
You feel weakened.
You feel dopey.
You feel clumsy.
The golden dragon bites you but does no damage.
The golden dragon claws you but does no damage.
The golden dragon tramples you but does no damage.
Okay, then.
Evoke which item? (* to show all) (? for menu, Esc to quit)
You reach into the bag... ...but nothing happens.
The golden dragon bites you but does no damage.
The golden dragon claws you but does no damage.
The golden dragon completely misses you.
Evoke which item? (* to show all) (? for menu, Esc to quit)
You reach into the bag... ...and things crawl out!
The golden dragon tears through a web.
The now-empty bag unravels in your hand.
The golden dragon breathes cold at you.
Helpless, you fail to dodge the bolt of cold.
You die...

..#..###.#,,≈,##§#§..§##,,,*
+##.##...#,,≈##..§§§.§§##,,*
###.,*+###,,≈#...§..§§.§#,,*
.###,,,*,≈,,##..§§§§.§..##,*
.#.###,*,≈,,#.....§§.....#,*
.....#,***,,#...§.§......#,*
.....#,*,',,##..........##,*
..####+*,**'*#$a$§$§$$..#,,*
###,,,,*,*≈≈≈##$♣D$§$..##,,*
#,,,****,*≈≈≈≈##(.[...##,,,*
,,***,,,,*≈≈≈≈≈########,,,,*
***,,,,****≈≈≈≈*≈≈≈≈≈*,,,,,*
,,,,,,,*,,*'≈≈≈'≈≈,≈≈',,,,,*
,,,,,,,*,,,**≈≈*≈≈≈≈≈*≈≈≈,,*
,,,,,,,*,,,,******'*****≈≈≈*
*,,,,,,*,,,,*≈≈≈≈≈≈≈≈≈≈**≈≈*
*,,,,,,*******≈≈≈≈≈≈≈≈≈≈≈≈≈*


You could see a golden dragon and a friendly soldier ant.

Vanquished Creatures
  A lorocyproca (D)
  A hydra (D)
  2 centaur warriors (D)
  Sonja (D)
  A deep troll (D)
  2 unseen horrors (D)
  A lindwurm (D)
  8 shining eyes (D)
  An oklob plant (D)
  A gargoyle (D)
  2 kobold demonologists (D)
  2 demonic crawlers (D)
  A meliai (D)
  A hornet (D)
  A slime creature (D)
  Sigmund (D)
  2 redbacks (D)
  7 hogs (D)
  A yak (D)
  7 floating eyes (D)
  6 necrophages (D)
  An ogre (D)
  8 jellies (D)
  Ijyb (D)
  2 ballistomycetes (D)
  A ballistomycete spore (D)
63 creatures vanquished.

Vanquished Creatures (collateral kills)
  A demonic crawler (D)
  2 hogs (D)
3 creatures vanquished.

Vanquished Creatures (others)
  A gargoyle (D)
  A demonic crawler (D)
  3 hornets (D)
  4 hogs (D)
  A necrophage (D)
  A ballistomycete spore (D)
11 creatures vanquished.

Grand Total: 77 creatures vanquished

Notes
Turn   | Place    | Note
-------+----------+-------------------------------------------
     0 | D        | JustSomeDude the Vine Stalker Assassin began the quest for the Orb.
     0 | D        | Reached XP level 1. HP: 11/11 MP: 2/2
     1 | D        | Noticed Ijyb
    24 | D        | Killed Ijyb
    24 | D        | Reached skill level 1 in Dodging
    24 | D        | Reached skill level 8 in Stealth
    24 | D        | Reached XP level 2. HP: 2/16 MP: 0/3
    24 | D        | Reached XP level 3. HP: 2/19 MP: 0/4
   292 | D        | Noticed an ogre
   295 | D        | Killed an ogre
   295 | D        | Reached skill level 10 in Stealth
   295 | D        | Gained mutation: Your natural rate of healing is unusually fast. [Vine Stalker growth]
   295 | D        | Reached XP level 4. HP: 24/24 MP: 5/5
   304 | D        | Noticed Sigmund
   307 | D        | Killed Sigmund
   307 | D        | Reached skill level 13 in Stealth
   307 | D        | Reached XP level 5. HP: 29/29 MP: 6/6
   307 | D        | Reached XP level 6. HP: 33/33 MP: 7/7
   315 | D        | Found a deep blue altar of Sif Muna.
   317 | D        | Found a radiant altar of Vehumet.
   322 | D        | Found Saeth's Assorted Antiques.
   322 | D        | Found an ancient bone altar of Kikubaaqudgha.
   322 | D        | Found a hazy altar of Hepliaklqana.
   322 | D        | Found a stormy altar of Qazlal.
   322 | D        | Found a hide-covered altar of Uskayaw.
   322 | D        | Found a blossoming altar of Fedhas.
   322 | D        | Found a bloodstained altar of Trog.
   322 | D        | Found an iron altar of Okawaru.
   322 | D        | Found a basalt altar of Yredelemnul.
   322 | D        | Found a glowing golden altar of the Shining One.
   322 | D        | Found a snail-covered altar of Cheibriados.
   322 | D        | Found a sacrificial altar of Ru.
   322 | D        | Found a glowing silver altar of Zin.
   322 | D        | Found a shadowy altar of Dithmenos.
   322 | D        | Found a white marble altar of Elyvilon.
   322 | D        | Noticed a yak
   323 | D        | Found an opulent altar of Gozag.
   324 | D        | Killed a yak
   324 | D        | Reached skill level 15 in Stealth
   325 | D        | Found a sparkling altar of Nemelex Xobeh.
   331 | D        | Became a worshipper of Dithmenos the Shadowed
   339 | D        | Reached XP level 7. HP: 38/38 MP: 8/8
   371 | D        | Found a burning altar of Makhleb.
   371 | D        | Found a shimmering altar of Xom.
   371 | D        | Noticed a slime creature
   372 | D        | Found a viscous altar of Jiyva.
   372 | D        | Found a corrupted altar of Lugonu.
   374 | D        | Killed a slime creature
   374 | D        | Reached skill level 5 in Fighting
   374 | D        | Reached skill level 5 in Short Blades
   374 | D        | Reached skill level 16 in Stealth
  1907 | D        | Paralysed by fainting for 9 turns
  2039 | D        | Noticed a kobold demonologist
  2040 | D        | Noticed a kobold demonologist
  2042 | D        | Reached skill level 17 in Stealth
  2044 | D        | Killed a kobold demonologist
  2044 | D        | Reached * piety under Dithmenos
  2044 | D        | Reached skill level 18 in Stealth
  2044 | D        | Gained mutation: You have razor-sharp teeth. [Vine Stalker growth]
  2044 | D        | Reached XP level 8. HP: 44/44 MP: 9/9
  2045 | D        | Killed a kobold demonologist
  2065 | D        | Noticed Sonja
  2069 | D        | Killed Sonja
  2069 | D        | Reached skill level 19 in Stealth
  2069 | D        | Reached XP level 9. HP: 49/49 MP: 10/10
  2083 | D        | Noticed a deep troll
  2087 | D        | Killed a deep troll
  2087 | D        | Reached ** piety under Dithmenos
  2087 | D        | Reached skill level 20 in Stealth
  2093 | D        | Found Beomn's Armour Emporium.
  2123 | D        | Noticed a centaur warrior
  2123 | D        | Noticed a centaur warrior
  2125 | D        | Killed a centaur warrior
  2125 | D        | Reached skill level 21 in Stealth
  2127 | D        | Killed a centaur warrior
  2127 | D        | Reached skill level 22 in Stealth
  2127 | D        | Reached XP level 10. HP: 55/55 MP: 11/11
  2151 | D        | Noticed an oklob plant
  2153 | D        | Killed an oklob plant
  2153 | D        | Reached *** piety under Dithmenos
  2163 | D        | Reached skill level 23 in Stealth
  2254 | D        | Found Ystuam's Gadget Boutique.
  2266 | D        | Bought a sack of spiders for 240 gold pieces
  2268 | D        | Noticed a shining eye
  2268 | D        | Noticed a shining eye
  2268 | D        | Noticed a shining eye
  2268 | D        | Noticed a shining eye
  2268 | D        | Noticed a shining eye
  2268 | D        | Noticed a shining eye
  2271 | D        | Noticed a shining eye
  2271 | D        | Noticed a shining eye
  2273 | D        | Killed a shining eye
  2273 | D        | Reached **** piety under Dithmenos
  2275 | D        | Killed a shining eye
  2279 | D        | Killed a shining eye
  2279 | D        | Reached skill level 24 in Stealth
  2312 | D        | Killed a shining eye
  2336 | D        | Killed a shining eye
  2336 | D        | Reached ***** piety under Dithmenos
  2336 | D        | Reached XP level 11. HP: 60/60 MP: 12/12
  2337 | D        | Paralysed by a floating eye for 4 turns
  2340 | D        | Gained mutation: You are frail. (-10% HP) [a shining eye]
  2341 | D        | Killed a shining eye
  2344 | D        | Killed a shining eye
  2344 | D        | Reached skill level 25 in Stealth
  2350 | D        | Paralysed by a floating eye for 2 turns
  2377 | D        | Found Ilerr's Antique Armour Shop.
  2377 | D        | Found Dygaw's Antique Weapon Shoppe.
  2377 | D        | Found Atihoski's Gadget Boutique.
  2377 | D        | Found Cojoiqel's Jewellery Emporium.
  2382 | D        | Bought a faintly humming ring mail for 243 gold pieces
  2382 | D        | Bought a distressingly furry cloak for 256 gold pieces
  2392 | D        | Identified the cursed +0 ring mail "Kyuhabu" {Str+3 Dex+3} (You bought it in a shop in the Dungeon)
  2402 | D        | Identified the +0 cloak of Indemnity {-Tele rElec rC++ rCorr} (You bought it in a shop in the Dungeon)
  2438 | D        | Gained mutation: You can translocate small distances at will. [a shining eye]
  2440 | D        | Killed a shining eye
  2440 | D        | Reached skill level 10 in Short Blades
  2648 | D        | Bought a faintly glowing platinum amulet for 125 gold pieces
  2648 | D        | Identified the amulet of Qyeh {RegenMP *Drain Int+7 Dex+3} (You bought it in a shop in the Dungeon)
  2709 | D        | Killed an unseen horror
  2757 | D        | Killed an unseen horror
  2757 | D        | Reached skill level 1 in Armour
  2816 | D        | Reached ****** piety under Dithmenos
  2845 | D        | Reached skill level 26 in Stealth
  2871 | D        | Found Moedwiomn's Assorted Antiques.
  2871 | D        | Found Ikkul's Gadget Shop.
  2871 | D        | Found Bimuniu's Book Boutique.
  2873 | D        | Found Istrav's Food Emporium.
  2873 | D        | Found Byuleed's Food Shop.
  2873 | D        | Found Ycsured's Food Shoppe.
  2873 | D        | Found Ahinekk's Book Boutique.
  2873 | D        | Found Afaeduocsoa's Assorted Antiques.
  2873 | D        | Found Teacig's Assorted Antiques.
  2873 | D        | Found Irau's Magic Scroll Shoppe.
  2875 | D        | Found Kixulas's Gadget Boutique.
  2876 | D        | Bought 3 royal jellies for 78 gold pieces
  2883 | D        | Found Gabac's Antique Armour Emporium.
  2883 | D        | Found Goberauvi's Gadget Boutique.
  2884 | D        | Found Giuha's Magic Scroll Emporium.
  2890 | D        | Bought a potion of lignification for 84 gold pieces
  2893 | D        | Bought a slimy robe for 125 gold pieces
  2893 | D        | Identified the +2 robe of Nyox {Dex+2} (You bought it in a shop in the Dungeon)
  2918 | D        | Bought a wand of digging (13/24) for 340 gold pieces
  2918 | D        | Bought a wand of paralysis (12/24) for 140 gold pieces
  3037 | D        | Noticed a lindwurm
  3039 | D        | Killed a lindwurm
  3068 | D        | Reached skill level 1 in Evocations
  3211 | D        | Bought a scroll of magic mapping for 38 gold pieces
  3283 | D        | Noticed a daeva
  3321 | D        | Noticed a 12-headed hydra
  3323 | D        | Killed a 12-headed hydra
  3323 | D        | Reached skill level 5 in Armour
  3323 | D        | Gained mutation: You heal very quickly. [Vine Stalker growth]
  3323 | D        | Reached XP level 12. HP: 60/60 MP: 12/14
  3778 | D        | Killed a lorocyproca
  3835 | D        | Bought a pair of embroidered gloves for 165 gold pieces
  3993 | D        | Noticed a shadow dragon
  3996 | D        | Noticed a golden dragon
  4029 | D        | Found Onaujim's Assorted Antiques.
  4053 | D        | Bought a glowing short sword for 114 gold pieces
  4053 | D        | Bought a fuming white potion for 17 gold pieces
  4053 | D        | Bought a ruby potion for 17 gold pieces
  4059 | D        | Reached skill level 5 in Dodging
  4107 | D        | Killed from afar by a golden dragon

Skill      XL: |  1  2  3  4  5  6  7  8  9 10 11 12 |
---------------+-------------------------------------+-----
Fighting       | 2 3 4 5 6 7 8 9 |  9.8
Short Blades   | 2 3 4 5 6 8 9 11 | 11.4
Dodging        | 1 2 4 5 |  5.0
Stealth        | 8 10 13 15 18 19 22 24 26 | 26.8
Throwing       | 2 3 |  3.9
Armour         | 5 6 |  6.3
Evocations     | 1 |  1.7

Action                   |  1- 3 |  4- 6 |  7- 9 | 10-12 || total
-------------------------+-------+-------+-------+-------++-------
Melee: Dagger            |    22 |     3 |     5 |       ||    30
       Bite              |     7 |       |       |    76 ||    83
       Short sword       |       |       |     3 |   184 ||   187
Evoke: Sack of spiders   |       |       |       |     7 ||     7
       Wand              |       |       |       |     2 ||     2
  Use: Scroll            |       |       |       |     7 ||     7
       Potion            |       |       |       |     7 ||     7
 Stab: Sleeping          |     2 |     3 |     8 |    26 ||    39
       Distracted        |       |       |       |     2 ||     2
  Eat: Bread ration      |       |       |     1 |       ||     1
       Royal jelly       |       |       |       |     3 ||     3
Armor: Robe              |     5 |       |       |       ||     5
       Ring mail         |       |       |       |    40 ||    40
       Skin              |       |       |       |    23 ||    23
Dodge: Dodged            |     4 |       |       |    77 ||    81
